 Dungeon Crawl Stone Soup version 0.31.0-11-ge490571c62 (webtiles) character file.

Game seed: 4426646146654637909

105 hikkokomori the Magician (level 4, 0/25 HPs)
             Began as a Deep Elf Hedge Wizard on Feb 3, 2024.
             Slain by a ball python (3 damage)
             ... on level 4 of the Dungeon.
             The game lasted 00:04:23 (3007 turns).

hikkokomori the Magician (Deep Elf Hedge Wizard)    Turns: 3007, Time: 00:04:23

Health: 0/25       AC:  2    Str:  7    XL:     4   Next: 53%
Magic:  4/13       EV: 12    Int: 21    God:
Gold:   138        SH:  0    Dex: 14    Spells: 3/13 levels left

rFire   . . .        a - +0 dagger
rCold   . . .        (no shield)
rNeg    . . .        b - +0 robe
rPois   .            c - +0 hat
rElec   .            (no cloak)
rCorr   .            (no gloves)
SInv    .            (no boots)
Will    .....        (no amulet)
Stlth   ++           (no ring)
HPRegen 0.24/turn    (no ring)
MPRegen 0.13/turn

%: no passive effects
@: on blink cooldown
A: no striking features
a: no special abilities


You were on level 4 of the Dungeon.
You visited 1 branch of the dungeon, and saw 4 of its levels.

You collected 138 gold pieces.

Inventory:

Hand Weapons
 a - a +0 dagger (weapon)
Armour
 b - a +0 robe (worn)
 c - a +0 hat (worn)
 q - a +0 cloak
Scrolls
 d - a scroll of noise {unknown}
 f - 2 scrolls of identify
 g - a scroll of poison
 h - a scroll of enchant weapon {unknown}
 i - a scroll of blinking {unknown}
 k - a scroll of fear
 l - a scroll of amnesia
 p - a scroll of fog {unknown}
Potions
 e - 3 potions of attraction
 j - a potion of might
 m - a potion of heal wounds
 n - a potion of degeneration
 o - a potion of lignification {unknown}


   Skills:
 + Level 1.5 Fighting
 - Level 2.5 Dodging
 - Level 2.4 Stealth
 + Level 5.3 Spellcasting
 + Level 2.5 Conjurations
 - Level 1.1 Summonings
 - Level 1.1 Translocations
 + Level 1.1 Air Magic
 + Level 1.1 Alchemy


You had 3 spell levels left.
You knew the following spells:

 Your Spells              Type           Power      Damage    Failure   Level
a - Magic Dart            Conj           64%        1d6       3%          1
b - Mephitic Cloud        Conj/Alch/Air  12%        N/A       16%         3
c - Ensorcelled Hibernat  Hex/Ice        10%        N/A       16%         2
d - Call Imp              Summ           20%        N/A       10%         2
e - Blink                 Tloc           20%        N/A       10%         2

Your spell library contained the following spells:

 Spells                   Type           Power      Damage    Failure   Level
 Slow                     Hex            20%        N/A       11%         1
 Cigotuvi's Dreadful Rot  Necr/Alch/Air  16%        N/A       12%         2
 Fugue of the Fallen      Necr           5%         N/A       32%         3
 Anguish                  Hex/Necr       2%         N/A       71%         4


Dungeon Overview and Level Annotations

Branches:
Dungeon (4/15)
 Temple: D:4-7

Altars:
Qazlal
Uskayaw

Shops:
D:3 =


Message History

The phantom closely misses you.
Unknown command.
Casting: Magic Dart (safe; 3% risk of failure)
Confirm with . or Enter, or press ? or * to list all spells.
Aiming: Magic Dart (safe; 3% risk of failure)
Press: ? - help, Shift-Dir - straight line, f/p - phantom
Aim: a phantom (heavily damaged, ally target, 100% to hit)
The magic dart hits the phantom but does no damage.
The phantom is heavily damaged.
The phantom hits you!
* * * LOW HITPOINT WARNING * * *
Unknown command.
Casting: Magic Dart (safe; 3% risk of failure)
Confirm with . or Enter, or press ? or * to list all spells.
Aiming: Magic Dart (safe; 3% risk of failure)
Press: ? - help, Shift-Dir - straight line, f/p - phantom
Aim: a phantom (heavily damaged, ally target, 100% to hit)
The magic dart hits the phantom.
The phantom is severely damaged.
The phantom hits you.
* * * LOW HITPOINT WARNING * * *
Unknown command.
You hit the phantom but do no damage.
The phantom is severely damaged.
The phantom hits you.
* * * LOW HITPOINT WARNING * * *
The phantom blinks!
You blink.
Unknown command.
Casting: Magic Dart (safe; 3% risk of failure)
Confirm with . or Enter, or press ? or * to list all spells.
You blink.
A hound comes into view.
Found a scroll of amnesia and 8 gold pieces.
Found an escape hatch in the floor.
The ball python hisses angrily.
The hound barks!
The ball python bites you but does no damage.
The ball python closely misses you.
Unknown command.
The ball python bites you.
You die...

#### ... .. .# #. .###
#. ...# ##.## .# #...#
.# #...# ......
#...#######. #####.
#..S@....?..
#######...###.#...
#####.##..W.....h..>...
.#?..5.................
.#.##.##.ยง............#
..5##.##.####.........#
......##. #...###....
...#####. #.#.# ####
.#.##### #$..#


You could see a phantom and a ball python.

Vanquished Creatures
  2 gnolls
  2 adders
  3 dart slugs
  4 endoplasms
  4 giant cockroaches
  3 goblins (D:1)
  10 hobgoblins
  4 quokkas
  3 ball pythons (D:3)
  3 bats
  3 frilled lizards
  2 kobolds
  4 rats
47 creatures vanquished.

Vanquished Creatures (collateral kills)
  A gnoll (D:1)
1 creature vanquished.

Grand Total: 48 creatures vanquished

Notes
Turn   | Place    | Note
-------+----------+-------------------------------------------
     0 | D:1      | hikkokomori the Deep Elf Hedge Wizard began the quest for
                  | the Orb.
     0 | D:1      | Reached XP level 1. HP: 10/10 MP: 7/7
   393 | D:1      | Reached XP level 2. HP: 16/16 MP: 4/9
  1298 | D:2      | Reached skill level 1 in Fighting
  1326 | D:2      | Found a faded altar of an unknown god.
  1449 | D:2      | Reached skill level 5 in Spellcasting
  1449 | D:2      | Reached XP level 3. HP: 20/20 MP: 5/11
  1456 | D:1      | Learned a level 3 spell: Mephitic Cloud
  1459 | D:1      | Learned a level 2 spell: Ensorcelled Hibernation
  1462 | D:1      | Learned a level 2 spell: Call Imp
  1465 | D:1      | Learned a level 2 spell: Blink
  1942 | D:2      | Reached XP level 4. HP: 17/25 MP: 9/13
  2105 | D:3      | Reached skill level 1 in Alchemy
  2285 | D:3      | Reached skill level 1 in Air Magic
  2370 | D:3      | Found a stormy altar of Qazlal.
  2569 | D:3      | Found Baba's Jewellery Boutique.
  2725 | D:3      | Found a hide-covered altar of Uskayaw.
  2992 | D:4      | Noticed a phantom
  3007 | D:4      | Slain by a ball python

Illustrated notes

Levels and vault maps discovered:
D:1:      dpeg_arrival_radiant, layout_basic
D:2:      layout_rooms, basic_ecumenical_altar
D:3:      layout_basic, mainiacjoe_overflow_concentric_impassable,
          nicolae_uskayaw_suspiria, serial_shops, nicolae_shop_gaudy_bauble,
          minmay_box_of_dots
D:4:      layout_loops_cross

Skill      XL: |  1  2  3  4 |
---------------+-------------+-----
Fighting       | 1 |  1.5
Spellcasting   | 5 |  5.3
Conjurations   | 2 |  2.5
Alchemy        | 1 |  1.1
Air Magic      | 1 |  1.1
Dodging        | |  2.5
Stealth        | |  2.4
Summonings     | |  1.1
Translocations | |  1.1

Action                     |  1- 3 |  4- 6 || total
---------------------------+-------+-------++-------
  Melee: Dagger            |    13 |     7 ||    20
   Cast: Magic Dart        |    84 |    55 ||   139
         Ensorcelled Hiber |     4 |       ||     4
         Blink             |     2 |     1 ||     3
         Call Imp          |     1 |     1 ||     2
         Mephitic Cloud    |     1 |       ||     1
    Use: Potion            |     1 |       ||     1
         Scroll            |       |     7 ||     7
 Armour: Robe              |    24 |    19 ||    43
  Dodge: Dodged            |    27 |    17 ||    44
